 Dungeon Crawl Stone Soup version 0.29-a0-221-gceb61267dd (webtiles) character file.

Game seed: 15238651341482128508

20 bande the Skirmisher (level 2, -1/19 HPs)
             Began as a Gargoyle Fighter on Feb 27, 2022.
             Slain by a gnoll
             ... wielding a +0 whip
              (4 damage)
             ... on level 2 of the Dungeon.
             The game lasted 00:01:47 (828 turns).

bande the Skirmisher (Gargoyle Fighter)              Turns: 828, Time: 00:01:48

Health: -1/19      AC: 12    Str: 19    XL:     2   Next: 79%
Magic:  2/2        EV:  7    Int:  8    God:
Gold:   81         SH:  5    Dex:  9    Spells: 1/1 levels left

rFire   . . .      SeeInvis .   a - +0 war axe
rCold   . . .      Faith    .   c - +1 buckler
rNeg    + . .      Spirit   .   e - +0 chain mail
rPois   ∞          Reflect  .   (no helmet)
rElec   +          Harm     .   (no cloak)
rCorr   .          Rampage  .   (no gloves)
Will    .....                   (no boots)
Stlth   ..........              (no amulet)
HPRegen 0.06/turn               (no ring)
MPRegen 0.08/turn               (no ring)

@: no status effects
A: sickness immunity, AC +2, negative energy resistance 1, electricity
resistance, torment resistance 1, petrification resistance
a: no special abilities


You were on level 2 of the Dungeon.
You visited 1 branch of the dungeon, and saw 2 of its levels.

You collected 81 gold pieces.

Inventory:

Hand Weapons
 a - a +0 war axe (weapon)
Armour
 c - a +1 buckler (worn)
 e - a +0 chain mail (worn)
Scrolls
 b - 3 scrolls of identify
 f - a scroll of silence
Potions
 d - a potion of might
 g - a potion of curing


   Skills:
 + Level 3.6 Fighting
 + Level 2.1 Axes
 + Level 3.4 Armour
 + Level 3.6 Shields


You had one spell level left.
You didn't know any spells.
Your spell library was empty.

Dungeon Overview and Level Annotations

Branches:
Dungeon (2/15)

Altars:


Innate Abilities, Weirdness & Mutations

You are immune to sickness and miasma.
Your stone body is resilient. (AC +2)
You are immune to poison.
You resist negative energy. (rN+)
You are resistant to electric shocks. (rElec)
You are resistant to unholy torment.
You are immune to petrification.


Message History

The worm barely misses you.
You slash the worm!
The worm is severely wounded.
The worm bites you but does no damage.
You barely miss the worm.
The worm is severely wounded.
You barely miss the worm.
The worm is severely wounded.
The worm bites you but does no damage.
You slash the worm!
The worm is almost dead.
The worm barely misses you.
You hit the worm.
You kill the worm!
No target in view!
No target in view!
No target in view!
No target in view!
You now have 81 gold pieces (gained 15).
A worm comes into view.
A worm is nearby!
A worm is nearby! 2 gnolls come into view.
The gnoll shouts! x2
A gnoll comes into view. It is wielding a +0 spear.
You see here a scroll of identify.
The gnoll shouts!
You hit the worm.
The worm is moderately wounded.
The worm bites you but does no damage.
You hit the worm.
The worm is moderately wounded.
The worm bites you but does no damage.
You slash the worm!
The worm is severely wounded.
You closely miss the gnoll. The gnoll hits you with a +0 whip!
The worm bites you!
* * * LOW HITPOINT WARNING * * *
The gnoll hits you with a +0 whip.
You die...

,,***,***,******,***,,,,****
,,*,,,* *,*,,,,,,*..,,,,>,,*
,,*,*** *,*,****,*.#,###**,*
,,,,,* *.,,* *,*.#...,,,,*
,,,,,* *..,*
*,*.#.######****** ,,,,,*
*...####+#....,...,,,,,,,
,,,,,*
*...........,,,..#*******
***,*** *.....gg..######.#
*,,,,,* *.....gw@?.......#
*,,,,,* *.#...##.....†...#
*,,,,,* *,#.*,*#.........#
***,*** *,#.......######'###
*,* *,#.......#........# *,*
*,#.......#........#
*,*****,#.......#........#
*,,,,,,,#.......#........#
********#.......#........#


You could see a worm and 3 gnolls.

Vanquished Creatures
  A worm (D:2)
  2 ball pythons (D:2)
  3 endoplasms
  A giant cockroach (D:1)
  3 hobgoblins
  A quokka (D:1)
  2 bats (D:1)
  A kobold (D:1)
  A rat (D:2)
15 creatures vanquished.

Notes
Turn   | Place    | Note
-------+----------+-------------------------------------------
     0 | D:1      | bande the Gargoyle Fighter began the quest for the Orb.
     0 | D:1      | Reached XP level 1. HP: 14/14 MP: 1/1
   331 | D:1      | Reached XP level 2. HP: 18/19 MP: 2/2
   374 | D:1      | Found a faded altar of an unknown god.
   828 | D:2      | Slain by a gnoll

Illustrated notes

Levels and vault maps discovered:
D:1:      dpeg_arrival_short_road, layout_rooms, basic_ecumenical_altar
D:2:      layout_basic

Skill      XL: |  1  2 |
---------------+-------+-----
Axes           | 2 |  2.1
Fighting       | |  3.6
Armour         | |  3.4
Shields        | |  3.6

Action                   || total
-------------------------++-------
Melee: War axe           ||    42
  Use: Scroll            ||     8
Armor: Scale mail        ||    13
       Chain mail        ||    12
Dodge: Dodged            ||    14
Block: Buckler           ||    13

Table legend: (Time is in decaauts)
 A = Elapsed time spent in this place.
 B = Non-inter-level travel time spent in this place.
 C = Inter-level travel time spent in this place.
 D = Time resting spent in this place.
 E = Time spent auto-exploring this place.
 F = Levels seen in this place.
 G = Mean time per level.
                   A        B        C        D        E       F      G
               +--------+--------+--------+--------+--------+-----+--------+
         Total |    846 |    812 |     34 |      0 |    660 |   2 |  423.0 |
       Dungeon |    846 |    812 |     34 |      0 |    660 |   2 |  423.0 |
               +--------+--------+--------+--------+--------+-----+--------+

Top non-repeatable levels by time:
     D:1: 654 daAuts
     D:2: 192 daAuts
